AoeStats
← Iwwan

Migration

510265393Analyzed
1v1 RM · 8h ago on Sep 30, 2026· 20m 47s· 2 players
Game mode
Random Map
Map size
132×132
Population
200
Speed
Normal
Resources
Standard
Victory
Conquest
Starting age
Dark Age
Ending age
Imperial Age
RankedLock teamsTeams togetherTeam positionsShared explorationLock speedFull tech treeHidden civsTurbo modeCheats
Victory
Defeat
🇬🇧 Varangians · United Kingdom
807
+16
🇦🇺 Italians · Australia
806
-34
Iwwan
10:14 Feudal Age
10:57 Double-Bit Axe
11:24 Fishing Lines
13:41 Wheelbarrow
22:02 Castle Age
Remoaner In Chief
8:17 Loom
13:57 Feudal Age
14:23 Double-Bit Axe
14:38 Fishing Lines
19:28 Castle Age
20:16 Castle Age
Connection lost

Rejoining the realm…

Still unreachable

The connection could not be restored.

Session expired

The server has moved on; the page needs a fresh start.